 Dungeon Crawl Stone Soup version 0.27.1-33-g824d729ab1 (webtiles) character file.

Game seed: 18252399416878700326

980 lordive the Digger (level 8, -7/41 HPs)
             Began as a Gargoyle Earth Elementalist on Dec 24, 2021.
             Was a Follower of Vehumet.
             Mangled by an ancient zyme (11 damage)
             ... on level 5 of the Dungeon.
             The game lasted 00:18:02 (5596 turns).

lordive the Digger (Gargoyle Earth Elementalist)    Turns: 5596, Time: 00:18:02

Health: -7/41      AC:  7    Str: 11    XL:     8   Next: 17%
Magic:  5/15       EV: 12    Int: 23    God:    Vehumet [*.....]
Gold:   212        SH:  0    Dex: 10    Spells: 10/17 levels left

rFire    . . .     SeeInvis .   s - +4 hand axe of Dismemberment {vorpal, *Noise rC+ Will++ Int+4}
rCold    + . .     Faith    .   (no shield)
rNeg     + . .     Spirit   .   b - +0 robe
rPois    ∞         Reflect  .   (no helmet)
rElec    +         Harm     .   (no cloak)
rCorr    .         Rampage  .   (no gloves)
Will     ++...                  (no boots)
Stlth    ++........             (no amulet)
HPRegen  0.13/turn              (no ring)
MPRegen  0.14/turn              (no ring)

@: no status effects
A: sickness immunity, AC +5, negative energy resistance 1, electricity
resistance, torment resistance 1, petrification resistance
a: Renounce Religion


You were on level 5 of the Dungeon.
You worshipped Vehumet.
Vehumet was aware of your devotion.
You visited 2 branches of the dungeon, and saw 6 of its levels.

You collected 212 gold pieces.

Inventory:

Hand Weapons
 a - a +1 flail of holy wrath
 s - the +4 hand axe of Dismemberment (weapon) {vorpal, *Noise rC+ Will++ Int+4}
   (You found it on level 4 of the Dungeon)

   It inflicts extra damage upon your enemies.
   Int:       It affects your intelligence (+4).
   rC:        It protects you from cold.
   *Noise:    It may make noises in combat.
   Will:      It greatly increases your willpower.
Missiles
 c - 64 stones
Armour
 b - a +0 robe (worn)
 h - a +0 ring mail
 m - a +4 ring mail of poison resistance
 o - a +0 leather armour
 p - a +0 scale mail
 q - a +0 cloak
Scrolls
 d - 2 scrolls of enchant armour {unknown}
 e - 2 scrolls of amnesia {unknown}
 g - a scroll of blinking
 i - 4 scrolls of identify {unknown}
 j - 3 scrolls of fog {unknown}
 k - a scroll of teleportation {unknown}
 l - a scroll of fear {unknown}
Potions
 f - a potion of cancellation {unknown}
 n - a potion of invisibility {unknown}
 r - a potion of might {unknown}
 t - 2 potions of curing {unknown}
 u - a potion of attraction {unknown}


   Skills:
 - Level 0.2 Maces & Flails
 * Level 1.6 Armour
 + Level 2.4 Dodging
 + Level 3.4 Stealth
 * Level 5.0 Spellcasting
 * Level 3.2 Conjurations
 + Level 0.7 Transmutations
 * Level 7.8 Earth Magic


You had 10 spell levels left.
You knew the following spells:

 Your Spells              Type           Power      Damage    Failure   Level
a - Sandblast             Erth           82%        2d17      1%          1
b - Stone Arrow           Conj/Erth      62%        3d10      3%          3
c - Ozocubu's Armour      Ice            5%         N/A       28%         3

Your spell library contained the following spells:

 Spells                   Type           Power      Damage    Failure   Level
 Shock                    Conj/Air       52%        1d6       4%          1
 Passwall                 Tmut/Erth      20%        N/A       2%          2
 Sting                    Tmut/Pois      28%        1d4       9%          1
 Summon Small Mammal      Summ           20%        N/A       10%         1
 Poisonous Vapours        Pois/Air       10%        N/A       14%         2
 Petrify                  Tmut/Erth      25%        N/A       16%         4
 Call Canine Familiar     Summ           5%         N/A       28%         3
 Summon Guardian Golem    Hex/Summ       5%         N/A       28%         3
 Olgreb's Toxic Radiance  Pois           5%         N/A       67%         4
 Ozocubu's Refrigeration  Ice            2%         4d5       100%        7


Dungeon Overview and Level Annotations

Branches:
Dungeon (5/15)             Temple (1/1) D:4

Altars:
Cheibriados
Dithmenos
Elyvilon
Fedhas
Hepliaklqana
Makhleb
Nemelex Xobeh
Okawaru
Qazlal
Ru
Sif Muna
Trog
Uskayaw
Vehumet
The Shining One

Portals:
Abyss: D:5

Annotations:
D:5 1 transporter


Innate Abilities, Weirdness & Mutations

You are immune to sickness and miasma.
Your stone body is resilient. (AC +5)
You are immune to poison.
You resist negative energy. (rN+)
You are resistant to electric shocks. (rElec)
You are resistant to unholy torment.
You are immune to petrification.


Message History

Casting: Sandblast (safe; 1% risk of failure)
Confirm with . or Enter, or press ? or * to list all spells.
Aiming: Stone Arrow (dangerous; 3% risk of failure)
Press: ? - help, Shift-Dir - straight line, f - austinbyrn's ghost
Aim: austinbyrn's ghost (84% to hit)
The stone arrow hits austinbyrn's ghost!!
Austinbyrn's ghost is almost destroyed.
Casting: Stone Arrow (dangerous; 3% risk of failure)
Confirm with . or Enter, or press ? or * to list all spells.
Aiming: Stone Arrow (dangerous; 3% risk of failure)
Press: ? - help, Shift-Dir - straight line, f/p - austinbyrn's ghost
Aim: austinbyrn's ghost (almost destroyed, 84% to hit)
The stone arrow hits austinbyrn's ghost.
You destroy austinbyrn's ghost!
Vehumet accepts your kill.
Your Armour skill increases to level 1!
Casting: Stone Arrow (dangerous; 3% risk of failure)
Confirm with . or Enter, or press ? or * to list all spells.
Aiming: Sandblast (safe; 1% risk of failure)
Press: ? - help, Shift-Dir - straight line, f - ancient zyme
Aim: an ancient zyme (92% to hit)
Okay, then.
Casting: Sandblast (safe; 1% risk of failure)
Confirm with . or Enter, or press ? or * to list all spells.
Aiming: Stone Arrow (dangerous; 3% risk of failure)
Press: ? - help, Shift-Dir - straight line, f - ancient zyme
Aim: an ancient zyme (88% to hit)
The stone arrow hits the ancient zyme!
The ancient zyme is moderately damaged.
Casting: Stone Arrow (dangerous; 3% risk of failure)
Confirm with . or Enter, or press ? or * to list all spells.
Aiming: Sandblast (safe; 1% risk of failure)
Press: ? - help, Shift-Dir - straight line, f/p - ancient zyme
Aim: an ancient zyme (moderately damaged, 92% to hit)
The blast of sand hits the ancient zyme.
The ancient zyme is moderately damaged.
The ancient zyme hits you!
* * * LOW HITPOINT WARNING * * *
The ancient zyme hits you!
You die...

..©.W##.##..# ##.....
(.W#.5..##.# #...... .$.#
#.$#©# ##......
###∩##?##.#####....... ##(
###.#♣..##..##.......... #.
..x##....#..##..........###.
#. ..##...#####)##........##
## #.##.##..##..##x.#........#
# ..#..#..#©.#.@.##.........#
#.#.##..##..####...........#
#.###....♣###...............#
#.........##.........###.(...#
.####..##..............##
##.....
.....#.................#
###.....................# .
##....................# ..
#....................# ...


You could see an ancient zyme.

Vanquished Creatures
  A necrophage (D:4)
  2 ogres (D:4)
  A centaur (D:4)
  The ghost of austinbyrn the Skirmisher, an amateur GrFi (D:5)
  2 phantoms (D:4)
  A bullfrog zombie (D:5)
  2 hounds (D:4)
  An orc priest (D:3)
  A centaur skeleton (D:4)
  Terence (D:2)
  An iguana (D:4)
  An orc wizard (D:3)
  A hound zombie (D:3)
  5 gnolls
  2 adders (D:3)
  A white imp (D:5)
  2 ufetubi (D:4)
  A worm (D:4)
  2 dart slugs
  11 orcs (D:3)
  7 ball pythons
  6 endoplasms
  5 giant cockroaches
  7 goblins
  8 hobgoblins
  3 jackals (D:4)
  2 quokkas (D:2)
  7 bats
  3 frilled lizards
  3 kobolds
  5 rats
96 creatures vanquished.

Notes
Turn   | Place    | Note
-------+----------+-------------------------------------------
     0 | D:1      | lordive the Gargoyle Earth Elementalist began the quest for
                  | the Orb.
     0 | D:1      | Reached XP level 1. HP: 10/10 MP: 3/3
   341 | D:1      | Reached skill level 4 in Earth Magic
   341 | D:1      | Reached XP level 2. HP: 15/15 MP: 5/5
  1302 | D:3      | Reached XP level 3. HP: 6/19 MP: 6/6
  1856 | D:4      | Learned a level 3 spell: Stone Arrow
  1874 | D:4      | Noticed an ogre
  1880 | D:4      | Killed an ogre
  1881 | D:4      | Reached skill level 1 in Conjurations
  1881 | D:4      | Reached skill level 5 in Earth Magic
  1881 | D:4      | Reached XP level 4. HP: 24/24 MP: 3/7
  1881 | D:4      | Reached XP level 5. HP: 28/28 MP: 3/8
  1897 | D:4      | Noticed an ogre
  1908 | D:4      | Killed an ogre
  1981 | D:4      | Reached XP level 6. HP: 27/32 MP: 7/10
  2046 | D:4      | Found a staircase to the Ecumenical Temple.
  2077 | Temple   | Entered the Ecumenical Temple
  2220 | Temple   | Became a worshipper of Vehumet
  2458 | D:2      | Reached skill level 6 in Earth Magic
  3039 | D:2      | Noticed Terence
  3053 | D:2      | Killed Terence
  3891 | D:3      | Reached * piety under Vehumet
  3891 | D:3      | Offered knowledge of Shock by Vehumet.
  4267 | D:3      | Reached XP level 7. HP: 36/36 MP: 10/12
  4766 | D:4      | Reached skill level 7 in Earth Magic
  4893 | D:4      | Found a sparkling altar of Nemelex Xobeh.
  4902 | D:4      | Found a white marble altar of Elyvilon.
  5233 | D:4      | Identified the +4 hand axe of Dismemberment {vorpal, *Noise
                  | rC+ Will++ Int+4}
  5311 | D:4      | Learned a level 3 spell: Ozocubu's Armour
  5328 | D:4      | Reached XP level 8. HP: 41/41 MP: 11/15
  5403 | D:5      | Entered Level 5 of the Dungeon
  5479 | D:5      | Found a transporter.
  5499 | D:5      | Noticed an ancient zyme
  5519 | D:5      | Found a transporter.
  5581 | D:5      | Noticed austinbyrn's ghost (amateur GrFi)
  5582 | D:5      | Found a one-way gate to the infinite horrors of the Abyss.
  5589 | D:5      | Reached skill level 5 in Spellcasting
  5594 | D:5      | Killed austinbyrn's ghost
  5595 | D:5      | Reached skill level 1 in Armour
  5596 | D:5      | Mangled by an ancient zyme

Illustrated notes

Levels and vault maps discovered:
D:1:      lightli_arrival_statue_moat, layout_basic
D:2:      layout_basic, minmay_ruptured, uniq_terence
D:3:      layout_rooms, minmay_misc_feat_four_crosses
D:4:      layout_rooms, nemelex_xobeh_ov_fountains_minmay, elyvilon_altar_3,
          temple_doors_e
D:5:      layout_layer_cave, gammafunk_ghost_abyssal_escape
Temple:   nicolae_temple_figure_eight

Skill      XL: |  1  2  3  4  5  6  7  8 |
---------------+-------------------------+-----
Earth Magic    | 4 5 6 7 |  7.8
Dodging        | 2 |  2.4
Conjurations   | 1 2 3 |  3.2
Stealth        | 3 |  3.4
Spellcasting   | 3 4 5 |  5.0
Armour         | 1 |  1.6
Maces & Flails | |  0.2
Transmutations | |  0.7

Action                   |  1- 3 |  4- 6 |  7- 9 || total
-------------------------+-------+-------+-------++-------
Melee: Flail             |    65 |    26 |       ||    91
 Cast: Sandblast         |     4 |    78 |    51 ||   133
       Stone Arrow       |       |       |     3 ||     3
 Stab: Sleeping          |     2 |     1 |       ||     3
Armor: Robe              |    21 |    14 |    11 ||    46
Dodge: Dodged            |    44 |    39 |    11 ||    94
